 Dungeon Crawl Stone Soup version 0.17.1-2-g5865329 (webtiles) character file.

334 Duffy the Firebug (level 6, 0/45 HPs)
             Began as a Hill Orc Fire Elementalist on Jan 16, 2016.
             Slain by a gnoll
             ... wielding a +0 spear
              (8 damage)
             ... on level 3 of the Dungeon.
             The game lasted 00:07:12 (4799 turns).

Duffy the Firebug (Hill Orc Fire Elementalist)      Turns: 4799, Time: 00:07:12

Health: 0/45       AC:  2    Str: 11    XL:     6   Next: 53%
Magic:  1/11       EV: 12    Int: 15    God:
Gold:   167        SH:  0    Dex: 13    Spells: 3 memorised, 3 levels left

rFire  + . .     SeeInvis .     (no weapon)
rCold  x . .     Clarity  .     a - +0 robe
rNeg   . . .     SustAt   .     (no shield)
rPois  .         Gourm    .     (no helmet)
rElec  .         Spirit   .     (no cloak)
rCorr  .         Warding  .     (no gloves)
rMut   .         Stasis   .     (no boots)
MR     .....                    (no amulet)
Stlth  ++........               v - ring of wizardry
                                h - ring of fire

@: not resistant to hostile enchantments, unstealthy
A: no striking features
a: no special abilities


You were on level 3 of the Dungeon.
You were hungry.

You visited 1 branch of the dungeon, and saw 4 of its levels.

You collected 167 gold pieces.


   Skills:
 - Level 1.5 Dodging
 - Level 1.5 Stealth
 + Level 3.4 Spellcasting
 * Level 4.1 Conjurations
 * Level 4.3 Fire Magic


You had 3 spell levels left.
You knew the following spells:

 Your Spells              Type           Power        Failure   Level  Hunger
a - Flame Tongue          Conj/Fire      ###..        1%          1    None
j - Sticky Flame          Conj/Fire      ###.....     14%         4    ####...
l - Conjure Flame         Conj/Fire      ###.....     4%          3    ###....

Inventory:

Hand Weapons
 o - a +2 vampiric trident
 w - a +0 morningstar
Missiles
 d - 13 poisoned needles
 k - a throwing net (quivered)
Armour
 a - a +0 robe (worn)
Jewellery
 h - a ring of fire (left hand)
 v - a ring of wizardry (right hand)
 x - a +3 ring of dexterity {unknown}
Wands
 y - a wand of paralysis (10)
Scrolls
 n - a scroll of identify {unknown}
 p - 3 scrolls of recharging {unknown}
 r - a scroll of enchant weapon {unknown}
 s - 2 scrolls of teleportation {unknown}
 t - a scroll of fear {unknown}
 A - a scroll of blinking {unknown}
Potions
 e - a potion of brilliance {unknown}
 g - a potion of lignification
 i - 2 potions of degeneration {unknown}
 j - 2 potions of invisibility {unknown}
 l - a potion of heal wounds {unknown}
 m - 2 potions of flight {unknown}
 q - a potion of haste {unknown}
 u - a potion of curing {unknown}
Books
 b - a book of Flames
Comestibles
 c - 3 bread rations
 f - 3 meat rations
 z - a beef jerky
 B - a slice of pizza
 C - 5 chunks of flesh

Dungeon Overview and Level Annotations

Branches:
Dungeon (4/15)
 Temple: D:4-7

Altars:
Elyvilon
Xom
Zin

Shops:
D:4 :

Annotations:
D:4 Bubs's ghost, amateur DsAK


Message History

Press: ? - help, Shift-Dir - straight line, f/p - gnoll
Aim: a gnoll, wielding a spear You feel a surge of power!
The flame tongue hits the gnoll.
You kill the gnoll!
The gnoll hits you with a flail. The gnoll hits you but does no damage.
Cast which spell? (? or * to list)
Aiming: Flame Tongue
Press: ? - help, Shift-Dir - straight line, f/p - gnoll
Aim: a gnoll, wielding a spear You feel a surge of power!
The flame tongue hits the gnoll.
The gnoll is lightly wounded.
The gnoll hits you with a flail!
The gnoll hits you from afar with a spear!
Cast which spell? (? or * to list)
Aiming: Flame Tongue
Press: ? - help, Shift-Dir - straight line, f/p - gnoll
Aim: a gnoll, wielding a spear (lightly wounded)
You feel a surge of power!
The flame tongue hits the gnoll.
The gnoll is moderately wounded.
The gnoll barely misses you.
Cast which spell? (? or * to list)
Aiming: Flame Tongue
Press: ? - help, Shift-Dir - straight line, f/p - gnoll
Aim: a gnoll, wielding a spear (moderately wounded)
You feel a surge of power!
The flame tongue hits the gnoll.
The gnoll is heavily wounded.
The gnoll barely misses you. The gnoll closely misses you.
Cast which spell? (? or * to list)
Aiming: Flame Tongue
Press: ? - help, Shift-Dir - straight line, f/p - gnoll
Aim: a gnoll, wielding a spear (heavily wounded)
You feel a surge of power!
The flame tongue hits the gnoll.
The gnoll is severely wounded.
The gnoll hits you from afar with a spear!
You die...

#...............#...........
##..............##..[.......
##..............###.........
#...........................
##..........#......).########
#...........[>)......###.####
#....................#.#...##
#....................##.##...
#.....###..[@#.......###)#...
#.........)g.#.......# ##.##.
#...........g...####.# ##.#.
#....................######.#
#.......................o..#.
#####......####......########
#####.)...........#.# #.#.
#.....##..........#.# ####.#
#.....##............# #.#...


You could see 2 gnolls.

Action                   |  1- 3 |  4- 6 || total
-------------------------+-------+-------++-------
Melee: Unarmed           |       |     1 ||     1
 Cast: Flame Tongue      |    61 |   165 ||   226
       Conjure Flame     |       |     1 ||     1
  Use: Potion            |       |     1 ||     1
  Eat: Chunk             |     3 |    10 ||    13

Notes
Turn   | Place    | Note
--------------------------------------------------------------
     0 | D:1      | Duffy the Hill Orc Fire Elementalist began the quest for the Orb.
     0 | D:1      | Reached XP level 1. HP: 14/14 MP: 3/3
   208 | D:1      | Reached XP level 2. HP: 20/20 MP: 1/4
   402 | D:1      | Reached skill level 2 in Spellcasting
   768 | D:1      | Reached XP level 3. HP: 26/26 MP: 1/6
  1063 | D:1      | Learned a level 3 spell: Conjure Flame
  1108 | D:2      | Reached skill level 2 in Conjurations
  1660 | D:2      | Reached XP level 4. HP: 33/33 MP: 5/7
  1702 | D:2      | Learned a level 4 spell: Sticky Flame
  2171 | D:2      | Found a white marble altar of Elyvilon.
  2570 | D:3      | Reached skill level 3 in Conjurations
  2619 | D:3      | Reached skill level 3 in Spellcasting
  2619 | D:3      | Reached XP level 5. HP: 38/38 MP: 5/9
  2712 | D:3      | Found a shimmering altar of Xom.
  2712 | D:3      | Noticed an angel
  2967 | D:3      | Found a glowing silver altar of Zin.
  3781 | D:4      | Noticed Bubs's ghost (amateur DsAK)
  4376 | D:4      | Reached skill level 4 in Fire Magic
  4376 | D:4      | Reached XP level 6. HP: 45/45 MP: 4/11
  4465 | D:4      | Found Diammair's Book Shoppe.
  4595 | D:3      | Reached skill level 4 in Conjurations
  4799 | D:3      | Slain by a gnoll

Vault maps used:
D:1:      minmay_arrival_nine_rooms, supply_closet_lemuel
D:2:      marbit_many_paths, hex_large
D:3:      wad_crossroads, grunt_temple_overflow_order_and_chaos_1, first_bread,
          minmay_shallow_snake_nest
D:4:      serial_shops, nicolae_shop_competitors_out_of_business,
          kennysheep_little_box, nicolae_shop_overgrown_old_shop,
          nicolae_shop_scaring_up_business, nicolae_shop_statue_plus,
          gup_sewer_entry_bubbles

Vanquished Creatures
  A scorpion
  An orc priest
  A worker ant
  7 adders
  2 gnolls
  5 worms
  A giant gecko
  12 orcs
  12 ball pythons
  8 bats
  10 giant cockroaches
  9 goblins
  11 hobgoblins
  9 kobolds
  4 quokkas
  10 giant newts
  2 jackals
  6 rats
  2 plants
113 creatures vanquished.
